 Dungeon Crawl Stone Soup version 0.27-a0-1188-g73eefd5def (webtiles) character file.

Game seed: 6771476151405466558

549 rageheart7 the Skirmisher (level 7, 0/54 HPs)
             Began as a Djinni Gladiator on May 21, 2021.
             Was a Believer of Okawaru.
             Slain by a yak (9 damage)
             ... on level 4 of the Dungeon.
             The game lasted 00:06:06 (4295 turns).

rageheart7 the Skirmisher (Djinni Gladiator)        Turns: 4295, Time: 00:06:07

Health: 0/54       AC:  4    Str: 15    XL:     7   Next: 54%
Gold:   278        EV: 12    Int: 10    God:    Okawaru [**....] SH:  0 Dex: 14

rFire    + + .     SeeInvis .   a - +0 quarterstaff
rCold    x . .     Faith    .   (shield currently unavailable)
rNeg     . . .     Spirit   .   b - +0 leather armour
rPois    ∞         Reflect  .   c - +0 helmet
rElec    .         Harm     .   (no cloak)
rCorr    +         Rampage  .   (no gloves)
Will     .....                  (boots unavailable)
Stlth    +.........             (no amulet)
HPRegen  0.18/turn              f - ring of resist corrosion
MPRegen  0.00/turn              (no ring)

@: flying
A: sickness immunity, fire resistance 2, cold vulnerability 1, float, innate
caster, hp casting, extra vitality 1
a: Renounce Religion, Heroism


You were on level 4 of the Dungeon.
You worshipped Okawaru.
Okawaru was pleased with you.
You visited 1 branch of the dungeon, and saw 5 of its levels.

You collected 278 gold pieces.

Inventory:

Hand Weapons
 a - a +0 quarterstaff (weapon)
Missiles
 d - 3 throwing nets (quivered)
Armour
 b - a +0 leather armour (worn)
 c - a +0 helmet (worn)
Jewellery
 f - a ring of resist corrosion (left hand)
Scrolls
 g - a scroll of identify
Potions
 e - 3 potions of curing


   Skills:
 * Level 5.3 Fighting
 * Level 5.2 Staves
 - Level 1.5 Throwing
 - Level 3.2 Dodging
 + Level 1.6 Spellcasting


You had 4 spell levels left.
You knew the following spells:

 Your Spells              Type           Power      Damage    Failure   Level
a - Animate Skeleton      Necr           8%         N/A       21%         1
b - Blink                 Tloc           N/A        N/A       30%         2
c - Slow                  Hex            4%         N/A       30%         2
Your spell library was empty.

Dungeon Overview and Level Annotations

Branches:
Dungeon (5/15)             Temple (0/1) D:4

Altars:
Okawaru

Shops:
D:1 [


Innate Abilities, Weirdness & Mutations

You are immune to sickness and miasma.
You are immune to poison.
Your flesh is very heat resistant. (rF++)
You are vulnerable to cold. (rC-)
You float through the air rather than walking.
You learn spells naturally, not from books.
Your magical power is your life essence.
You have superior vitality. (+4 HP)


Message History

You sock the orc wizard!
The orc wizard is almost dead.
The orc wizard casts a spell at itself.
The orc wizard flickers and vanishes!
Deactivating autopickup; reactivate with Ctrl-A.
You miss something. Something hits you.
You barely miss something. You barely miss something. Something hits you.
You closely miss something.
You feel like a meek peon again.
You hear some strange, mumbled words.
Something tries to affect you, but you resist.
You miss something. Something hits you but does no damage.
A white imp comes into view.
You closely miss something.
The white imp shouts!
You hear some strange, mumbled words.
A puff of flame appears from out of thin air!
The puff of flame hits you. You resist.
You closely miss something. Something hits you.
You hit something. Okawaru accepts your kill.
Reactivating autopickup.
You feel a bit more experienced.
The white imp shouts, "Scamper away, thou yeasty milk-livered guttersnipe!"
You thump the yak!
The yak is moderately wounded.
The yak barely misses you. The yak gores you!
You fly upwards.
There is a stone staircase leading down here.
You hit the yak.
The yak is heavily wounded.
The yak gores you!
* * * LOW HITPOINT WARNING * * *
The yak gores you.
* * * LOW HITPOINT WARNING * * *
You hit the yak but do no damage.
The yak is heavily wounded.
The yak gores you!
You die...

...# #.##.#.# ...########.##.#.#
..........#.##.#)# #########
##........#.##...## ##.......#
#........#...(...# #..§≈§...#
#........#####...### #.≈≈≈§≈..##
#........# ##....# #§≈≈≈≈≈§...
#........######Y##.# #≈§≈>≈§§#.#
#............).@##.# #§≈≈≈§≈≈#.#
#........#########.# #.≈≈≈≈≈.#.#
#.............####.# #..≈≈≈..#.#
#..................#########...#
#.............###..............#
##.................#############
#.......)..............#
#.................####)#
#.................# #.#


You could see a yak.

Vanquished Creatures
  A black bear (D:4)
  A necrophage (D:4)
  2 scorpions (D:4)
  An iguana (D:4)
  An orc wizard (D:5)
  A hound skeleton (D:4)
  3 gnolls (D:4)
  A howler monkey skeleton (D:4)
  7 adders
  3 worms
  3 dart slugs
  5 orcs (D:4)
  2 bats
  3 endoplasms
  A giant cockroach (D:1)
  5 goblins
  4 hobgoblins
  8 jackals
  8 kobolds
  5 quokkas
  3 ball pythons (D:1)
  3 frilled lizards
  4 rats
75 creatures vanquished.

Notes
Turn   | Place    | Note
-------+----------+-------------------------------------------
     0 | D:1      | rageheart7 the Djinni Gladiator began the quest for the
                  | Orb.
     0 | D:1      | Reached XP level 1. HP: 18/18 MP: 0/0
    44 | D:1      | Found a faded altar of an unknown god.
    50 | D:1      | Became a worshipper of Warmaster Okawaru
    50 | D:1      | Reached * piety under Okawaru
   112 | D:1      | Found Rygam's Armour Shop.
   119 | D:1      | Reached XP level 2. HP: 23/23 MP: 0/0
   239 | D:1      | HP: 1/24 [frozen (3)]
   627 | D:1      | Reached XP level 3. HP: 10/29 MP: 0/0
   627 | D:1      | Learned a level 1 spell: Animate Skeleton
  1836 | D:2      | Reached XP level 4. HP: 26/35 MP: 0/0
  2255 | D:3      | Reached XP level 5. HP: 32/40 MP: 0/0
  2255 | D:3      | Learned a level 2 spell: Blink
  2845 | D:4      | Reached XP level 6. HP: 42/47 MP: 0/0
  3544 | D:4      | Found a staircase to the Ecumenical Temple.
  3763 | D:4      | Noticed a necrophage
  3772 | D:4      | Killed a necrophage
  3772 | D:4      | Reached ** piety under Okawaru
  3773 | D:4      | Reached skill level 1 in Spellcasting
  3925 | D:4      | Noticed a black bear
  3947 | D:4      | Killed a black bear
  3948 | D:4      | Reached skill level 5 in Fighting
  3948 | D:4      | Reached skill level 5 in Staves
  3948 | D:4      | Reached XP level 7. HP: 29/54 MP: 0/0
  3948 | D:4      | Learned a level 2 spell: Slow
  4273 | D:5      | Entered Level 5 of the Dungeon
  4273 | D:5      | Noticed a yak
  4273 | D:5      | Noticed a yak
  4273 | D:5      | Noticed a yak
  4273 | D:5      | Noticed a yak
  4279 | D:5      | Noticed a yak
  4295 | D:4      | Slain by a yak

Illustrated notes

Levels and vault maps discovered:
D:1:      dpeg_arrival_short_road, layout_basic, serial_shops,
          nicolae_shop_temple_entry_statues_fountains,
          chequers_ecumenical_altar_simple
D:2:      layout_rooms
D:3:      layout_rooms
D:4:      layout_basic, minmay_temple_entry_mist
D:5:      layout_loops_ring, lemuel_coloured_pillars_altar,
          gammafunk_ghost_mausoleum

Skill      XL: |  1  2  3  4  5  6 |
---------------+-------------------+-----
Staves         | 3 4 5 |  5.2
Fighting       | 3 4 5 |  5.3
Spellcasting   | 1 |  1.6
Throwing       | |  1.5
Dodging        | |  3.2

Action                   |  1- 3 |  4- 6 |  7- 9 || total
-------------------------+-------+-------+-------++-------
Melee: Quarterstaff      |    97 |   186 |    35 ||   318
 Cast: Animate Skeleton  |       |       |     1 ||     1
Invok: Heroism           |       |     3 |     3 ||     6
  Use: Scroll            |     3 |     1 |       ||     4
       Potion            |       |     4 |       ||     4
 Stab: Sleeping          |     1 |     1 |       ||     2
Armor: Leather armour    |    31 |    55 |     2 ||    88
Dodge: Dodged            |    77 |   122 |    10 ||   209

Table legend: (Time is in decaauts)
 A = Elapsed time spent in this place.
 B = Non-inter-level travel time spent in this place.
 C = Inter-level travel time spent in this place.
 D = Time resting spent in this place.
 E = Time spent auto-exploring this place.
 F = Levels seen in this place.
 G = Mean time per level.
                   A        B        C        D        E       F      G
               +--------+--------+--------+--------+--------+-----+--------+
         Total |   4317 |   4220 |     97 |      0 |   3640 |   5 |  863.4 |
       Dungeon |   4317 |   4220 |     97 |      0 |   3640 |   5 |  863.4 |
               +--------+--------+--------+--------+--------+-----+--------+

Top non-repeatable levels by time:
     D:4: 1706 daAuts
     D:1: 1101 daAuts
     D:2: 855 daAuts
     D:3: 635 daAuts
     D:5: 17 daAuts
